 Dungeon Crawl Stone Soup version 0.16-a0-764-g7febf84 (webtiles) character file.

7183 Psiweapon the Carver (level 11, -1/90 HPs)
             Began as a Tengu Berserker on Sept 23, 2014.
             Was a High Priest of Trog.
             Slain by a spiny frog (18 damage)
             ... on Level 1 of the Lair of Beasts on Sept 24, 2014.
             The game lasted 00:42:19 (9308 turns).

Psiweapon the Carver (Tengu Berserker)              Turns: 9308, Time: 00:42:19

HP  -1/90        AC  8     Str 25      XL: 11   Next: 11%
MP  15/15        EV 12     Int  7      God: Trog [*****.]
Gold 703         SH 13     Dex 18      Spells:  0 memorised, 10 levels left

rFire  . . .     SeeInvis .     a - +0 long sword
rCold  . . .     Clarity  .     A - +0 leather armour
rNeg   . . .     rCorr    .     w - +0 shield
rPois  .         rRot     .     (helmet restricted)
rElec  .         Spirit   .     Y - +2 cloak
SustAb .         Warding  .     e - +1 pair of gloves
rMut   .         Stasis   .     (boots unavailable)
Gourm  .                        h - amulet of faith
MR     .....                    v - +3 ring of dexterity
                                (no ring)

@: berserking, lethally poisoned, very quick, not resistant to hostile
enchantments, extremely unstealthy
A: able to fly, beak, talons 3
a: Fly, Burn Spellbooks, Berserk, Trog's Hand, Brothers in Arms, Renounce
Religion


You were on level 1 of the Lair of Beasts.
You worshipped Trog.
Trog was extremely pleased with you.
You were not hungry.

You visited 2 branches of the dungeon, and saw 10 of its levels.
You also visited: Ossuary.

You collected 703 gold pieces.

Inventory:

Hand weapons
 a - a +0 long sword (weapon)
 b - a +0 blowgun
 f - a +1 morningstar of draining
 l - a +0 falchion of flaming
 x - a +0 whip of electrocution
 X - a +3 quarterstaff of chaos
 Z - a +1 dagger of venom
Missiles
 z - 21 poisoned needles
 R - a throwing net (quivered)
 V - 6 needles of slowing
Armour
 e - a +1 pair of gloves (worn)
 w - a +0 shield (worn)
 A - a +0 leather armour (worn)
 Y - a +2 cloak (worn)
Magical devices
 q - a wand of magic darts (14)
 t - a wand of fireball (2)
 D - a wand of random effects (18)
 I - a wand of frost (15)
 J - a wand of digging (17)
 W - a wand of magic darts (15)
Comestibles
 c - 9 bread rations
 k - 3 meat rations
 m - 3 royal jellies
 y - a chunk of electric eel flesh
 H - 6 beef jerkies
Scrolls
 i - 3 scrolls of remove curse
 j - a scroll of enchant weapon
 n - a scroll of recharging {unknown}
 s - 6 scrolls of teleportation
 O - 3 scrolls of blinking {unknown}
 S - 11 scrolls of identify
 U - a scroll of magic mapping {unknown}
Jewellery
 d - an uncursed ring of protection from fire
 g - a +2 ring of dexterity
 h - an amulet of faith (around neck)
 v - a +3 ring of dexterity (right hand)
 G - a cursed amulet of inaccuracy {unknown}
 T - an uncursed ring of magical power
Potions
 o - 6 potions of brilliance
 p - 3 potions of heal wounds {unknown}
 r - 4 potions of resistance
 u - 3 potions of curing
 B - 3 potions of might
 C - a potion of restore abilities {unknown}
 E - 2 potions of agility
 F - 2 potions of berserk rage {unknown}
 K - a potion of invisibility {unknown}
 L - 2 potions of mutation {unknown}
 M - a potion of haste {unknown}
 N - 2 potions of lignification {unknown}
 P - 2 potions of magic {unknown}
 Q - a potion of cancellation


   Skills:
 - Level 3.7 Fighting
 + Level 12.8 Long Blades
 - Level 2.2 Armour
 - Level 2.9 Dodging
 - Level 1.5 Stealth
 + Level 11.3 Shields


You had 10 spell levels left.
You didn't know any spells.

Dungeon Overview and Level Annotations

Branches:
Dungeon (9/15)             Temple (0/1) D:6             Orc (0/4) D:9
   Lair (1/8) D:9

Altars:
Cheibriados
Sif Muna
The Shining One

Shops:
D:4 (   D:9 (


Innate Abilities, Weirdness & Mutations

You can fly.
You have a beak for a mouth.
You have claws for feet.


Message History

The iguana is heavily wounded.
You block the iguana's attack.
You closely miss the iguana. Your kick misses the iguana.
The iguana is heavily wounded.
You feel sick. The iguana misses you. The spiny frog stings you!
* * * LOW HITPOINT WARNING * * *
You are lethally poisoned!
The spiny frog poisons you!
Use which ability? (? or * to list)
A red film seems to cover your vision as you go berserk!
You feel yourself moving faster!
You feel mighty!
You feel somewhat more hungry.
You feel sick. The spiny frog stings you.
* * * LOW HITPOINT WARNING * * *
You are lethally poisoned!
The spiny frog poisons you! You block the iguana's attack.
You barely miss the iguana.
The iguana is heavily wounded.
* * * LOW HITPOINT WARNING * * *
You feel sick. The spiny frog stings you!!
You die...

### ###.##### ♣.......#
### ##
♣♣♣.♣.♣♣.###.######P##
♣♣.♣♣♣♣♣♣.............#
♣≈≈≈♣.♣F♣.............#
♣≈≈≈.l@........>....###
♣.≈≈≈♣♣..............##
♣♣≈≈≈≈♣................
....♣♣≈≈................
♣.....♣♣♣≈≈.##............
.♣.♣♣♣♣.♣%................
. ♣....≈..###........<...
♣.#####.# #............
### ### #............


You could see a spiny frog and an iguana.

Vanquished Creatures
  Nergalle (Lair:1)
  Joseph (D:7)
  Psyche (D:8)
  9 yaks (D:9)
  A steam dragon (D:9)
  A hungry ghost (D:7)
  Menkaure (D:4)
  A water moccasin (D:7)
  A black bear (D:8)
  A sky beast (D:8)
  4 boring beetles (D:9)
  5 ogres
  An ice beast (D:9)
  2 phantoms
  3 centaurs
  The ghost of ThermosAquaticus the Firebug, an average TeFE (D:3)
  2 giant frogs
  5 water moccasin zombies (Ossuary)
  A scorpion (D:4)
  6 killer bees (D:9)
  2 quasits
  An electric eel (Lair:1)
  4 crimson imps
  7 goliath beetles
  2 giant frog zombies
  4 hounds
  2 jellies (D:9)
  2 orc priests (D:9)
  Crazy Yiuf (D:7)
  2 orc wizards (D:6)
  2 gnoll shamans
  2 iguanas
  6 worker ants
  A big kobold zombie (Ossuary)
  Jessica (D:2)
  2 mummies (Ossuary)
  A hound skeleton (D:7)
  7 adders
  24 gnolls
  A giant mite (D:8)
  2 worms
  5 adder zombies (Ossuary)
  3 giant geckos
  An ooze (D:7)
  19 orcs
  2 ball pythons
  A bat zombie (D:7)
  5 giant cockroaches
  19 hobgoblins
  8 quokkas
  9 bats
  A giant newt (D:3)
  7 goblins
  2 hobgoblin zombies (Ossuary)
  5 jackals
  16 kobolds
  7 kobold zombies (Ossuary)
  10 orc zombies
  A quokka skeleton (D:6)
  A quokka zombie (D:5)
  17 rats
  A rat skeleton (D:5)
  A rat zombie (D:5)
  3 ballistomycetes (D:7)
268 creatures vanquished.

Vanquished Creatures (collateral kills)
  A hill giant (D:9)
  A two-headed ogre (D:9)
  Eustachio (D:7)
  A giant frog (D:9)
  An orc wizard (D:9)
  A spectral orc (Lair:1)
  A worker ant (D:9)
  A big kobold skeleton (D:7)
  An orc (D:9)
9 creatures vanquished.

Vanquished Creatures (others)
  A giant spore (D:7)
  A butterfly (D:5)
2 creatures vanquished.

Grand Total: 279 creatures vanquished

Notes
Turn   | Place    | Note
--------------------------------------------------------------
     0 | D:1      | Psiweapon, the Tengu Berserker, began the quest for the Orb.
     0 | D:1      | Reached XP level 1. HP: 14/14 MP: 1/1
   253 | D:1      | Reached XP level 2. HP: 17/19 MP: 3/3
   886 | D:2      | Reached XP level 3. HP: 21/23 MP: 4/4
   921 | D:2      | Acquired Trog's second power
  1005 | D:2      | Reached skill level 1 in Stealth
  1006 | D:2      | Noticed Jessica
  1009 | D:2      | Killed Jessica
  1009 | D:2      | Reached XP level 4. HP: 21/28 MP: 5/5
  1282 | D:2      | Reached skill level 4 in Long Blades
  1495 | D:3      | Noticed an ogre
  1495 | D:3      | a worm changed into an ogre
  1498 | D:3      | Killed an ogre
  1498 | D:3      | Reached XP level 5. HP: 31/33 MP: 7/7
  1513 | D:3      | Noticed ThermosAquaticus' ghost (average TeFE)
  1520 | D:3      | Killed ThermosAquaticus' ghost
  1520 | D:3      | Reached skill level 5 in Long Blades
  1520 | D:3      | Reached XP level 6. HP: 38/38 MP: 8/8
  2226 | D:4      | Found Plasy's Weapon Shoppe.
  2562 | D:4      | Noticed Menkaure
  2571 | D:4      | Killed Menkaure
  2571 | D:4      | Reached skill level 6 in Long Blades
  2571 | D:4      | Reached XP level 7. HP: 9/42 MP: 9/9
  3073 | D:5      | Entered Level 5 of the Dungeon
  3304 | D:5      | Reached skill level 7 in Long Blades
  3380 | D:5      | Found a snail-covered altar of Cheibriados.
  3476 | D:5      | Reached skill level 5 in Shields
  3527 | D:5      | Found a sand-covered staircase.
  3534 | Ossuary  | Entered an ossuary
  3591 | Ossuary  | Reached XP level 8. HP: 30/48 MP: 11/11
  4114 | Ossuary  | Reached skill level 8 in Long Blades
  4356 | D:5      | Acquired Trog's third power
  4419 | D:5      | Found a glowing golden altar of the Shining One.
  4821 | D:6      | Reached skill level 9 in Long Blades
  4886 | D:6      | Reached XP level 9. HP: 50/52 MP: 12/12
  5025 | D:6      | Found a staircase to the Ecumenical Temple.
  5188 | D:6      | Found a deep blue altar of Sif Muna.
  5506 | D:7      | Noticed Joseph
  5520 | D:7      | Killed Joseph
  5715 | D:7      | Noticed Eustachio
  5735 | D:7      | Killed Eustachio
  5735 | D:7      | Reached skill level 10 in Long Blades
  6215 | D:7      | Noticed Crazy Yiuf
  6226 | D:7      | Killed Crazy Yiuf
  7015 | D:8      | Noticed Psyche
  7022 | D:8      | Paralysed by Psyche for 2 turns
  7026 | D:8      | Killed Psyche
  7028 | D:8      | Reached XP level 10. HP: 29/56 MP: 13/13
  7270 | D:8      | Reached skill level 11 in Long Blades
  7827 | D:9      | Found a staircase to the Orcish Mines.
  7843 | D:9      | Found Jeewakoa's Weapon Emporium.
  8008 | D:9      | Received a gift from Trog
  8011 | D:9      | Reached skill level 10 in Shields
  8287 | D:9      | Found a staircase to the Lair.
  8342 | D:9      | Reached skill level 12 in Long Blades
  8358 | D:9      | Upgraded the game from 0.16-a0-747-geaeaf20 to 0.16-a0-764-g7febf84
  8585 | D:9      | Noticed a hill giant
  8593 | D:9      | Killed a hill giant
  8809 | D:9      | Reached XP level 11. HP: 55/60 MP: 15/15
  9073 | Lair:1   | Entered Level 1 of the Lair of Beasts
  9144 | Lair:1   | Noticed Nergalle
  9155 | Lair:1   | Killed Nergalle
  9308 | Lair:1   | Slain by a spiny frog

Action                   |  1- 3 |  4- 6 |  7- 9 | 10-12 || total
-------------------------+-------+-------+-------+-------++-------
Melee: Falchion          |    52 |   107 |   244 |       ||   403
       Long sword        |       |       |   120 |   193 ||   313
 Fire: Blowgun           |       |       |    29 |    38 ||    67
Invok: Berserk           |     1 |     3 |     6 |     5 ||    15
       Trog's Hand       |       |     4 |     1 |     2 ||     7
       Brothers in Arms  |       |       |     1 |     4 ||     5
Evoke: Wand              |       |     3 |       |     3 ||     6
  Use: Scroll            |       |     3 |     8 |     2 ||    13
       Potion            |       |       |       |     2 ||     2
 Stab: Sleeping          |     1 |     3 |     5 |     5 ||    14
       Distracted        |       |       |     1 |     1 ||     2
  Eat: Chunk             |       |     9 |    14 |    10 ||    33
       Fruit             |       |       |     2 |     3 ||     5
       Pizza             |       |       |     2 |       ||     2
       Beef jerky        |       |       |     1 |     1 ||     2
